 Dungeon Crawl Stone Soup version 0.30-a0-1160-g6e42c06551 (webtiles) character file.

Game seed: 11527571466141390774

9 Esekla the Sneak (level 2, -3/21 HPs)
             Began as an Octopode Delver on Apr 26, 2023.
             Slain by a sleepcap (8 damage)
             ... on level 5 of the Dungeon.
             The game lasted 00:01:10 (111 turns).

Esekla the Sneak (Octopode Delver)                   Turns: 111, Time: 00:01:11

Health: -3/21      AC:  1    Str: 11    XL:     2   Next: 16%
Magic:  2/2        EV: 13    Int: 12    God:
Gold:   22         SH:  0    Dex: 13    Spells: 1/1 levels left

rFire   . . .        a - +0 falchion
rCold   . . .        (no shield)
rNeg    . . .        (helmet restricted)
rPois   .            (no amulet)
rElec   .            (no ring)
rCorr   .            (no ring)
SInv    .            (no ring)
Will    .....        (no ring)
Stlth   ++++         (no ring)
HPRegen 0.23/turn    (no ring)
MPRegen 0.08/turn    (no ring)
                     (no ring)

%: no passive effects
@: no status effects
A: almost no armour, amphibious, 8 rings, camouflage 1, gelatinous body 1,
(nimble swimmer 1), tentacles
a: no special abilities


You were on level 5 of the Dungeon.
You visited 1 branch of the dungeon, and saw 1 of its levels.

You collected 22 gold pieces.

Inventory:

Hand Weapons
 a - a +0 falchion (weapon)
 g - a +0 dagger
Wands
 f - a wand of digging (3)
Scrolls
 b - a scroll of fog
Potions
 d - 2 potions of ambrosia {unknown}
 e - a potion of haste


   Skills:
 + Level 3.0 Fighting
 + Level 2.0 Long Blades
 + Level 2.0 Dodging
 + Level 7.1 Stealth


You had one spell level left.
You didn't know any spells.
Your spell library was empty.

Dungeon Overview and Level Annotations

Branches:
Dungeon (5/15)
 Temple: D:4-7

Altars:
Kikubaaqudgha
Nemelex Xobeh


Innate Abilities, Weirdness & Mutations

You cannot wear most types of armour.
You are amphibious.
You can wear up to eight rings at the same time.
Your skin changes colour to match your surroundings (Stealth+).
Your rubbery body absorbs attacks. (AC +1, EV +1)
((You are camouflaged when in or above water. (Stealth+)))
You have tentacles for arms and can constrict up to eight enemies at once.


Message History

A sleepcap comes into view.
Found a scroll labelled ERAKKYD UGYG.
You hit the sleepcap but do no damage. You grab the sleepcap.
You constrict the sleepcap, but do no damage.
The sleepcap barely misses you.
You hit the sleepcap. You squeeze the sleepcap.
The sleepcap is lightly damaged.
You constrict the sleepcap, but do no damage.
The sleepcap closely misses you.
You hit the sleepcap.
The sleepcap is moderately damaged.
You constrict the sleepcap. The sleepcap misses you.
The sleepcap releases spores at you.
You are engulfed in a cloud of soporific spores!
You fall asleep.
You lose your grip on the sleepcap.
The sleepcap barely misses you. The sleepcap releases spores at you!
You wake up.
You hit the sleepcap. You grab the sleepcap. You squeeze the sleepcap.
The sleepcap is moderately damaged.
You constrict the sleepcap, but do no damage.
The sleepcap releases spores at you!
* * * LOW HITPOINT WARNING * * *
You are engulfed in a cloud of soporific spores!
You are unaffected.
You hit the sleepcap. You squeeze the sleepcap.
The sleepcap is severely damaged.
You constrict the sleepcap. The sleepcap releases spores at you.
* * * LOW HITPOINT WARNING * * *
You are engulfed in a cloud of soporific spores!
You are unaffected.
You completely miss the sleepcap.
The sleepcap is severely damaged.
You constrict the sleepcap, but do no damage.
The sleepcap barely misses you.
You hit the sleepcap.
The sleepcap is almost destroyed.
You constrict the sleepcap, but do no damage.
The sleepcap releases spores at you!
You die...

**,,,*##.#######.......#*,,,,,,,,
*,,,,...................,,,,,,,,
*,,,*###..PPPP.._..PPPP.,****,,,
**,,,...................,,,,,,,*
***,,,,,,,,#...##........,,***,**
*,,,,,..,,,##............,,***,**
**,,,,...,,#.............,,,,,,,*
***,,....,##.........?..,,,,*,,,
*,,....###†..@f.......,,,***,,
**.......#.............,,,,*,,, *
*,................!....,,,,,,*,
***,..................###,,,,*,*,
,*,,......[#...........#,,,,**,,,
,,,,......#...........##*,,,,,,**
,,,,......###.........##.,,,,,,,,
,,,,...........###.!.....,,,,,,,,
,**,................##...##*,,,.,


You could see a sleepcap.

Vanquished Creatures
  An adder (D:5)
1 creature vanquished.

Notes
Turn   | Place    | Note
-------+----------+-------------------------------------------
     0 | D:5      | Esekla the Octopode Delver began the quest for the Orb.
     0 | D:5      | Reached XP level 1. HP: 16/16 MP: 1/1
    14 | D:5      | Found a sparkling altar of Nemelex Xobeh.
    94 | D:5      | Reached skill level 7 in Stealth
    94 | D:5      | Reached XP level 2. HP: 20/21 MP: 2/2
    95 | D:5      | Found an ancient bone altar of Kikubaaqudgha.
   111 | D:5      | Slain by a sleepcap

Illustrated notes

Levels and vault maps discovered:
D:5:      layout_cave_pools, mainiacjoe_overflow_boulevard,
          mainiacjoe_overflow_alcove_4, serial_gnoll_camp,
          gnoll_camp_mini_house, gnoll_camp_mini_doghouse,
          gnoll_camp_mini_doghouse, grums_kennel

Skill      XL: |  1 |
---------------+----+-----
Stealth        | 7 |  7.1
Fighting       | |  3.0
Long Blades    | |  2.0
Dodging        | |  2.0

Action                     || total
---------------------------++-------
  Melee: Falchion          ||     9
         Tentacles         ||     4
         Constrict         ||     3
    Use: Scroll            ||     2
  Dodge: Dodged            ||     5

Table legend: (Time is in decaauts)
 A = Elapsed time spent in this place.
 B = Non-inter-level travel time spent in this place.
 C = Inter-level travel time spent in this place.
 D = Time resting spent in this place.
 E = Time spent auto-exploring this place.
 F = Levels seen in this place.
 G = Mean time per level.
                   A        B        C        D        E       F      G
               +--------+--------+--------+--------+--------+-----+--------+
         Total |    112 |    112 |      0 |     29 |      0 |   1 |  112.0 |
       Dungeon |    112 |    112 |      0 |     29 |      0 |   1 |  112.0 |
               +--------+--------+--------+--------+--------+-----+--------+

Top non-repeatable levels by time:
     D:5: 112 daAuts
